 Dungeon Crawl Stone Soup version 0.29.0-4-gdea44cf6ec (webtiles) character file.

Game seed: 7388930340493379349

418 qw the Ruffian (level 6, -7/59 HPs)
             Began as a Troll Cinder Acolyte on Sept 1, 2022.
             Was a High Priest of Ignis.
             Mangled by Sigmund
             ... wielding a +0 scythe
              (8 damage)
             ... on level 3 of the Dungeon.
             The game lasted 00:01:23 (2251 turns).

qw the Ruffian (Troll Cinder Acolyte)               Turns: 2251, Time: 00:01:24

Health: -7/59      AC: 11    Str: 25    XL:     6   Next: 61%
Magic:  6/6        EV:  9    Int: 10    God:    Ignis [*****.]
Gold:   149        SH:  0    Dex:  5    Spells: 7/7 levels left

rFire   + . .      SeeInvis .     - Unarmed
rCold   . . .      Faith    .   (no shield)
rNeg    . . .      Spirit   .   a - +0 robe
rPois   .          Reflect  .   (helmet restricted)
rElec   .          Harm     .   e - scarf {repulsion}
rCorr   .          Rampage  .   (gloves unavailable)
Will    .....                   (boots unavailable)
Stlth   +.........              (no amulet)
HPRegen 0.99/turn               (no ring)
MPRegen 0.10/turn               (no ring)

@: about to teleport, fiery-armoured, repel missiles
A: large, unfitting armour, claws 3, regeneration 1, shaggy fur 1, tough skin 1
a: Renounce Religion, Fiery Armour, Foxfire Swarm, Rising Flame


You were on level 3 of the Dungeon.
You worshipped Ignis.
Ignis was extremely pleased with you.
You visited 1 branch of the dungeon, and saw 4 of its levels.

You collected 149 gold pieces.


Innate Abilities, Weirdness & Mutations

You are too large for most types of armour.
You have claws for hands.
Your natural rate of healing is unusually fast.
You are covered in fur. (AC +1)
You have tough skin. (AC +1)


   Skills:
 - Level 2.4 Fighting
 + Level 7.6 Unarmed Combat
 - Level 1.0 Spellcasting
 - Level 2.1 Fire Magic


You had 7 spell levels left.
You didn't know any spells.
Your spell library contained the following spells:

 Spells                   Type           Power      Damage    Failure   Level
 Scorch                   Fire           8%         2d5       22%         2

Inventory:

Armour
 a - a +0 robe (worn)
 e - a scarf of repulsion (worn)
Scrolls
 b - a scroll of identify
 f - a scroll of acquirement {unknown}
 g - a scroll of teleportation
Potions
 c - a potion of haste
 d - 2 potions of heal wounds {unknown}
 h - 2 potions of mutation {unknown}

Dungeon Overview and Level Annotations

Branches:
Dungeon (4/15)
 Temple: D:4-7

Altars:
Vehumet

Annotations:
D:3 Sigmund


Message History

You kill the quokka!
Something hits you!
2240 ||| FLEEEEING.
You hear some strange, mumbled words.
You are confused.
You bump into the rock wall.
A magic dart appears from out of thin air!
The magic dart hits you!
An adder comes into view.
The adder hisses angrily.
A gnoll comes into view. It is wielding a +0 spear.
Something hits you!
You closely miss the worm.
The gnoll shouts!
You claw the worm.
The worm is lightly wounded.
You barely miss the worm.
The worm is lightly wounded.
The worm bites you! Something hits you!
You bump into the rock wall.
The gnoll drinks a potion.
The gnoll seems to grow stronger.
You feel less confused.
2248 ||| INVOKING Fiery Armour.
A protective cloak of flame settles atop you.
The worm bites you but does no damage.
The worm is burned by your cloak of flames.
The worm is moderately wounded.
2249 ||| Stepping ~*~*~tactically~*~*~ (hiding).
The gnoll hits you with a +0 flail!
The gnoll is burned by your cloak of flames.
The gnoll is moderately wounded.
Something hits you but does no damage. The worm closely misses you.
2251 ||| READING 2 scrolls of teleportation.
As you read the scroll of teleportation, it crumbles to dust.
You feel strangely unstable. The gnoll hits you with a +0 flail.
The gnoll is burned by your cloak of flames.
The gnoll is moderately wounded.
Something hits you!
You die...

................>#
#.##.#
...#...........#.#
#.##.#
...#...........#.#
#.##.#
...#...........#.#
#.# ..
...#...........#.#
#.# .#
################.#
####.# #.# #....#
#.# #.#### #@###.#
#wg...# #.#####
#.....Sg.....#
#.........####
#.........#
#.........#
######....g
#.?....


You could see a worm, 2 gnolls and an adder.

Vanquished Creatures
  Duvessa (D:4)
  A black bear (D:4)
  A scorpion (D:4)
  Dowan (D:4)
  5 adders
  A worm (D:2)
  3 dart slugs
  An orc (D:3)
  7 endoplasms
  A giant cockroach (D:3)
  8 goblins
  4 hobgoblins (D:1)
  2 jackals (D:2)
  4 kobolds
  6 quokkas
  3 ball pythons
  3 bats
  4 frilled lizards
  5 rats
61 creatures vanquished.

Vanquished Creatures (collateral kills)
  A hobgoblin (D:4)
1 creature vanquished.

Grand Total: 62 creatures vanquished

Notes
Turn   | Place    | Note
-------+----------+-------------------------------------------
     0 | D:1      | qw the Troll Cinder Acolyte began the quest for the Orb.
     0 | D:1      | Reached XP level 1. HP: 22/22 MP: 1/1
     0 | D:1      | 0 ||| qw: Version: 0.1-a-97-g2dd2ca4
     0 | D:1      | 0 ||| qw: Game counter: 4855
     0 | D:1      | 0 ||| qw: Always use a shield: true
     0 | D:1      | 0 ||| qw: God list: Okawaru
     0 | D:1      | 0 ||| qw: Allow faded altars: false
     0 | D:1      | 0 ||| qw: Do Orc after D:15 true
     0 | D:1      | 0 ||| qw: Do second Lair branch before Depths: true
     0 | D:1      | 0 ||| qw: Lair rune preference: random
     0 | D:1      | 0 ||| qw: Plans: Normal
     0 | D:1      | 0 ||| PLANNING D:1-11
   116 | D:1      | Found a faded altar of an unknown god.
   231 | D:1      | Reached XP level 2. HP: 25/29 MP: 2/2
   276 | D:1      | 276 ||| Stepping ~*~*~tactically~*~*~ (stealth).
   277 | D:1      | 277 ||| Stepping ~*~*~tactically~*~*~ (stealth).
   463 | D:1      | 463 ||| Stepping ~*~*~tactically~*~*~ (outnumbered).
   468 | D:1      | Reached skill level 4 in Unarmed Combat
   765 | D:1      | 765 ||| Stepping ~*~*~tactically~*~*~ (stealth).
   776 | D:1      | Reached XP level 3. HP: 36/36 MP: 3/3
   915 | D:1      | 915 ||| Stepping ~*~*~tactically~*~*~ (stealth).
   916 | D:1      | 916 ||| Stepping ~*~*~tactically~*~*~ (stealth).
   918 | D:1      | 918 ||| Stepping ~*~*~tactically~*~*~ (stealth).
   936 | D:1      | 936 ||| READING scroll labelled ZEMOMM ATATZ.
   937 | D:1      | 937 ||| READING scroll labelled HEONEA CAAK.
  1038 | D:1      | 1038 ||| READING 2 scrolls labelled QUDYXZEFESH.
  1042 | D:1      | 1042 ||| READING 3 scrolls labelled TAMMEG XUKEFOA.
  1043 | D:1      | 1043 ||| READING 2 scrolls of identify.
  1043 | D:1      | 1043 ||| IDENTIFYING coppery potion
  1155 | D:2      | 1155 ||| Stepping ~*~*~tactically~*~*~ (stealth).
  1226 | D:2      | 1226 ||| Stepping ~*~*~tactically~*~*~ (stealth).
  1292 | D:2      | 1292 ||| Stepping ~*~*~tactically~*~*~ (hiding).
  1301 | D:2      | 1301 ||| Stepping ~*~*~tactically~*~*~ (stealth).
  1311 | D:2      | Reached skill level 5 in Unarmed Combat
  1311 | D:2      | Reached XP level 4. HP: 38/44 MP: 4/4
  1514 | D:2      | You fall into a shaft and drop 2 floors!
  1519 | D:4      | 1519 ||| Stepping ~*~*~tactically~*~*~ (stealth).
  1562 | D:4      | Noticed a black bear
  1563 | D:4      | 1563 ||| Stepping ~*~*~tactically~*~*~ (stealth).
  1564 | D:4      | 1564 ||| Stepping ~*~*~tactically~*~*~ (stealth).
  1566 | D:4      | Noticed a scorpion
  1575 | D:4      | 1575 ||| INVOKING Fiery Armour.
  1576 | D:4      | Killed a black bear
  1577 | D:4      | Reached skill level 6 in Unarmed Combat
  1577 | D:4      | Reached XP level 5. HP: 20/50 MP: 5/5
  1635 | D:4      | 1635 ||| READING scroll labelled BILUYR TEHEINNI.
  1640 | D:4      | Noticed Dowan
  1641 | D:4      | 1641 ||| Stepping ~*~*~tactically~*~*~ (hiding).
  1642 | D:4      | 1642 ||| Stepping ~*~*~tactically~*~*~ (hiding).
  1643 | D:4      | Noticed Duvessa
  1646 | D:4      | Killed Dowan
  1647 | D:4      | Reached XP level 6. HP: 55/59 MP: 6/6
  1659 | D:4      | Killed Duvessa
  1660 | D:4      | Reached skill level 7 in Unarmed Combat
  1701 | D:3      | 1701 ||| Stepping ~*~*~tactically~*~*~ (outnumbered).
  1702 | D:3      | 1702 ||| Stepping ~*~*~tactically~*~*~ (outnumbered).
  1711 | D:3      | 1711 ||| Stepping ~*~*~tactically~*~*~ (stealth).
  1740 | D:3      | 1740 ||| READING scroll labelled NOITALU FEMIEX.
  1760 | D:2      | Found a radiant altar of Vehumet.
  1761 | D:2      | 1761 ||| Stepping ~*~*~tactically~*~*~ (stealth).
  1775 | D:2      | 1775 ||| Stepping ~*~*~tactically~*~*~ (stealth).
  1788 | D:2      | 1788 ||| Stepping ~*~*~tactically~*~*~ (stealth).
  1789 | D:2      | 1789 ||| Stepping ~*~*~tactically~*~*~ (stealth).
  1928 | D:2      | Identified the +5 sling of Zin's Pride {freeze, rPois rF+++
                  | Str+7 Dex-2}
  2006 | D:2      | 2006 ||| UPGRADING to scarf of repulsion.
  2231 | D:3      | Noticed Sigmund
  2232 | D:3      | 2232 ||| Stepping ~*~*~tactically~*~*~ (stealth).
  2233 | D:3      | 2233 ||| Stepping ~*~*~tactically~*~*~ (stealth).
  2240 | D:3      | 2240 ||| FLEEEEING.
  2248 | D:3      | 2248 ||| INVOKING Fiery Armour.
  2249 | D:3      | 2249 ||| Stepping ~*~*~tactically~*~*~ (hiding).
  2250 | D:3      | HP: 6/59 [gnoll/+0 flail (14)]
  2251 | D:3      | 2251 ||| READING 2 scrolls of teleportation.
  2251 | D:3      | HP: 1/59 [gnoll/+0 flail (6)]
  2251 | D:3      | Mangled by Sigmund

Levels and vault maps discovered:
D:1:      dpeg_arrival_subterranean_lakeside_camping, layout_basic,
          basic_ecumenical_altar, minmay_misc_feat_diagonals
D:2:      layout_loops_ring, basic_altar
D:3:      layout_basic, lemuel_doored_altar, uniq_sigmund
D:4:      layout_gridville, mainiacjoe_overflow_chevrons, minmay_misc_feat_x,
          kennysheep_small_spiral, eino_small_chamber_without_monster,
          uniq_menkaure, uniq_duvessa, uniq_crazy_yiuf_cottage

Skill      XL: |  1  2  3  4  5  6 |
---------------+-------------------+-----
Unarmed Combat | 4 5 6 7 |  7.6
Fighting       | |  2.4
Spellcasting   | |  1.0
Fire Magic     | |  2.1

Action                   |  1- 3 |  4- 6 || total
-------------------------+-------+-------++-------
Melee: Unarmed           |   105 |    65 ||   170
       Punch             |       |     2 ||     2
Invok: Fiery Armour      |       |     2 ||     2
  Use: Scroll            |     5 |     3 ||     8
Armor: Robe              |    26 |    24 ||    50
Dodge: Dodged            |    39 |    28 ||    67

Table legend:
 A = Non-vault XP
 B = Vault XP
 C = Vault XP percentage of total XP
 D = Non-vault monster count
 E = Vault monster count
 F = Vault count percentage of total count
                 A         B        C        D         E       F
            +---------+---------+-------+---------+---------+-------
      Total |     373 |     225 |  37.6 |      54 |       8 |  12.9
            +---------+---------+-------+---------+---------+-------
        D:1 |      44 |       9 |  17.0 |      23 |       6 |  20.7
        D:2 |      69 |       0 |   0.0 |      18 |       0 |   0.0
        D:3 |      34 |       0 |   0.0 |       6 |       0 |   0.0
        D:4 |     226 |     216 |  48.9 |       7 |       2 |  22.2
            +---------+---------+-------+---------+---------+-------
